 Dungeon Crawl Stone Soup version 0.30-a0-1082-g70414cbcbb (webtiles) character file.

Game seed: 15200945620276989220

21 porpoise the Shooter (level 2, -1/23 HPs)
             Began as a Barachi Hunter on Apr 16, 2023.
             Was an Initiate of Cheibriados.
             Slain by an orc priest
             ... wielding a +0 short sword
              (2 damage)
             ... on level 3 of the Dungeon.
             The game lasted 00:02:54 (729 turns).

porpoise the Shooter (Barachi Hunter)                Turns: 729, Time: 00:02:55

Health: -1/23      AC:  4    Str: 13    XL:     2   Next: 83%
Magic:  2/2        EV: 12    Int: 10    God:    Cheibriados [......]
Gold:   2          SH:  0    Dex: 16    Spells: 1/1 levels left

rFire   . . .      SeeInvis .    a - +0 shortbow
rCold   . . .      Faith    .    (shield currently unavailable)
rNeg    . . .      Spirit   .    c - +1 leather armour
rPois   .          Reflect  .    (no helmet)
rElec   .          Rampage  .    (no cloak)
rCorr   .                        (no gloves)
Will    .....                    (no boots)
Stlth   ++                       (no amulet)
HPRegen 0.23/turn                (no ring)
MPRegen 0.08/turn                (no ring)

@: very slow
A: amphibious, slowness 1, strong legs 1, +LOS
a: Hop, Renounce Religion


You were on level 3 of the Dungeon.
You worshipped Cheibriados.
Cheibriados was noncommittal.
You visited 2 branches of the dungeon, and saw 5 of its levels.

You collected 57 gold pieces.
You spent 55 gold pieces at shops.

Inventory:

Hand Weapons
 a - a +0 shortbow (weapon)
 b - a +2 dagger of venom
Armour
 c - a +1 leather armour (worn)
Scrolls
 d - 2 scrolls of enchant armour
 e - a scroll of fear {unknown}
 g - a scroll of enchant weapon {unknown}
 j - a scroll of amnesia {unknown}
 l - a scroll of immolation
 n - a scroll of teleportation
Potions
 f - 2 potions of magic
 h - a potion of degeneration {unknown}
 i - a potion of cancellation {unknown}
 k - a potion of mutation {unknown}


   Skills:
 + Level 2.8 Fighting
 * Level 4.4 Ranged Weapons
 - Level 2.1 Dodging
 + Level 1.4 Stealth


You had one spell level left.
You didn't know any spells.
Your spell library was empty.

Dungeon Overview and Level Annotations

Branches:
Dungeon (4/15)             Temple (1/1) D:4

Altars:
Ashenzari
Cheibriados
Dithmenos
Elyvilon
Gozag
Makhleb
Qazlal
Sif Muna
Vehumet
Wu Jian
Yredelemnul
Zin
The Shining One

Shops:
D:4 ?


Innate Abilities, Weirdness & Mutations

You are amphibious.
You cover ground slowly.
You can hop short distances.
You have an extended range of vision and can be seen from far away.


Message History

Press: ? - help, Q - select action, (/) - cycle Shift-Dir - straight line, f/p - orc priest
Aim: an orc priest, wielding a +0 short sword and wearing a +0 leather armour (lightly wounded, 63% to hit)
You shoot an arrow.
The arrow closely misses the orc priest.
The arrow hits the orc.
The orc is heavily wounded.
The orc priest hits you with a +0 short sword.
Fire: a) +0 shortbow
Press: ? - help, Q - select action, (/) - cycle Shift-Dir - straight line, f/p - orc priest
Aim: an orc priest, wielding a +0 short sword and wearing a +0 leather armour (lightly wounded, 63% to hit)
You shoot an arrow.
The arrow closely misses the orc priest.
The arrow hits the orc but does no damage.
The orc is heavily wounded.
The orc priest hits you with a +0 short sword.
* * * LOW HITPOINT WARNING * * *
Fire: a) +0 shortbow
Press: ? - help, Q - select action, (/) - cycle Shift-Dir - straight line, f/p - orc priest
Aim: an orc priest, wielding a +0 short sword and wearing a +0 leather armour (lightly wounded, 63% to hit)
You shoot an arrow. The arrow hits the orc!
You kill the orc!
Cheibriados thoroughly appreciates the change of pace.
Fire: a) +0 shortbow
Press: ? - help, Q - select action, (/) - cycle Shift-Dir - straight line, f/p - orc priest
Aim: an orc priest, wielding a +0 short sword and wearing a +0 leather armour (lightly wounded, 63% to hit)
You shoot an arrow.
The arrow hits the orc priest but does no damage.
The orc priest is lightly wounded.
An orc comes into view. It is wielding a +0 dagger.
The orc priest hits you with a +0 short sword.
* * * LOW HITPOINT WARNING * * *
Fire: a) +0 shortbow
Press: ? - help, Q - select action, (/) - cycle Shift-Dir - straight line, f/p - orc priest
Aim: an orc priest, wielding a +0 short sword and wearing a +0 leather armour (lightly wounded, 63% to hit)
You shoot an arrow.
The arrow hits the orc priest but does no damage.
The orc priest is lightly wounded.
The orc priest barely misses you.
The orc priest hits you with a +0 short sword.
You die...

##### #...#
#...#
#####...######
#ooo@.........
#o###...######
#>........
#.........
#.........
........#.
#.####..# ..#
#... ..# ###


You could see an orc priest and 3 orcs.

Vanquished Creatures
  A dart slug (D:1)
  An orc (D:3)
  5 endoplasms
  2 giant cockroaches (D:1)
  A quokka (D:1)
  A ball python (D:1)
  A bat (D:1)
  4 kobolds
  A rat (D:1)
17 creatures vanquished.

Notes
Turn   | Place    | Note
-------+----------+-------------------------------------------
     0 | D:1      | porpoise the Barachi Hunter began the quest for the Orb.
     0 | D:1      | Reached XP level 1. HP: 17/17 MP: 1/1
    18 | D:1      | Reached skill level 1 in Stealth
   224 | D:1      | Reached XP level 2. HP: 23/23 MP: 2/2
   581 | D:2      | You fall into a shaft and drop 2 floors!
   581 | D:4      | Found a staircase to the Ecumenical Temple.
   586 | Temple   | Entered the Ecumenical Temple
   654 | Temple   | Became a worshipper of Cheibriados the Contemplative
   698 | D:4      | Found Oloesaor's Magic Scroll Shoppe.
   704 | D:4      | Bought a scroll of identify for 22 gold pieces
   704 | D:4      | Bought a scroll of teleportation for 33 gold pieces
   728 | D:3      | HP: 1/23 [orc priest/+0 short sword (4)]
   729 | D:3      | Slain by an orc priest

Illustrated notes

Levels and vault maps discovered:
D:1:      dpeg_arrival_rhombus, layout_loops_ring
D:2:      layout_loops_ring, kennysheep_generic_room_13
D:3:      minmay_door_path, layout_basic, nemelex_spade_bored_becter,
          nicolae_ru_path_of_blood, serial_shops, nicolae_shop_rolled_up
D:4:      layout_loops_cross, okawaru_ov_weapons_minmay, temple_hall,
          portal_sewer_entry_b, serial_shops, shop_fountains,
          minmay_misc_feat_hallway, nicolae_alphabet_shops, uniq_edmund
Temple:   nicolae_temple_god_jail

Skill      XL: |  1 |
---------------+----+-----
Stealth        | 1 |  1.4
Fighting       | |  2.8
Ranged Weapons | |  4.4
Dodging        | |  2.1

Action                     || total
---------------------------++-------
   Fire: Shortbow          ||    43
    Use: Scroll            ||     2
 Armour: Leather armour    ||     2
  Dodge: Dodged            ||     3

Table legend: (Time is in decaauts)
 A = Elapsed time spent in this place.
 B = Non-inter-level travel time spent in this place.
 C = Inter-level travel time spent in this place.
 D = Time resting spent in this place.
 E = Time spent auto-exploring this place.
 F = Levels seen in this place.
 G = Mean time per level.
                   A        B        C        D        E       F      G
               +--------+--------+--------+--------+--------+-----+--------+
         Total |    887 |    850 |     37 |      0 |    693 |   5 |  177.4 |
       Dungeon |    790 |    770 |     20 |      0 |    634 |   4 |  197.5 |
        Temple |     96 |     79 |     17 |      0 |     59 |   1 |   96.0 |
               +--------+--------+--------+--------+--------+-----+--------+

Top non-repeatable levels by time:
     D:1: 698 daAuts
  Temple: 96 daAuts
     D:4: 78 daAuts
     D:3: 13 daAuts
